 Dungeon Crawl Stone Soup version 0.29.0-4-gdea44cf6ec (webtiles) character file.

Game seed: 16696005917242649603

2 qw the Sneak (level 1, 0/10 HPs)
             Began as a Felid Delver on Aug 27, 2022.
             Slain by Eustachio
             ... wielding a +4 rapier of draining
              (8 damage)
             ... on level 4 of the Dungeon.
             The game lasted 00:00:01 (439 turns).

qw the Sneak (Felid Delver)                          Turns: 439, Time: 00:00:02

Health: 0/10       AC:  1    Str:  8      XL:     1   Next: 25%
Magic:  2/2        EV: 17    Int: 11      God:
Gold:   10         SH:  0    Dex: 16 (17) Spells: 0/0 levels left
                                        Lives:  0   Deaths: 0

rFire   . . .      SeeInvis +     - Unarmed
rCold   . . .      Faith    .   (shield unavailable)
rNeg    . . .      Spirit   .   (body armour unavailable)
rPois   .          Reflect  .   (helmet unavailable)
rElec   .          Harm     .   (cloak unavailable)
rCorr   .          Rampage  .   (gloves unavailable)
Will    .....                   (boots unavailable)
Stlth   +++.......              (no amulet)
HPRegen 0.03/turn               (no ring)
MPRegen 0.08/turn               (no ring)

@: quick
A: very small, claws 1, fangs 3, see invisible, speed 1, shaggy fur 1, stealthy
paws, no weapons or thrown items, no armour, multi-lived
a: no special abilities


You were on level 4 of the Dungeon.
You visited 1 branch of the dungeon, and saw 2 of its levels.

You collected 10 gold pieces.


Innate Abilities, Weirdness & Mutations

You have sharp claws.
You have razor-sharp teeth.
You have supernaturally acute eyesight. (SInv)
You cover ground quickly. (Speed+)
You are covered in fur. (AC +1)
Your paws help you pounce on unaware monsters.
You are incapable of wielding weapons or throwing items.
You cannot wear armour.
You gain extra lives every three experience levels.


   Skills:
 - Level 3.0 Fighting
 - Level 2.6 Dodging
 - Level 6.6 Stealth
 + Level 2.2 Unarmed Combat


You couldn't memorise any spells.
You didn't know any spells.
Your spell library was empty.

Inventory:

Wands
 e - a wand of digging (3)
Potions
 d - a potion of haste
 g - a potion of heal wounds

Dungeon Overview and Level Annotations

Branches:
Dungeon (5/15)
 Temple: D:4-7

Altars:
The Shining One

Annotations:
D:4 Eustachio


Message History

The hobgoblin zombie is moderately damaged.
The hobgoblin zombie completely misses you.
You scratch the hobgoblin zombie but do no damage.
The hobgoblin zombie is moderately damaged.
The hobgoblin zombie hits you.
You scratch the hobgoblin zombie. Your bite misses the hobgoblin zombie.
The hobgoblin zombie is heavily damaged.
The hobgoblin zombie misses you.
You scratch the hobgoblin zombie. Your bite misses the hobgoblin zombie.
The hobgoblin zombie is almost destroyed.
You scratch the hobgoblin zombie.
You destroy the hobgoblin zombie!
You start resting.
HP restored.
A goblin skeleton comes into view.
You scratch the goblin skeleton. You bite the goblin skeleton.
You destroy the goblin skeleton!
A white imp comes into view.
Found a glowing golden altar of the Shining One.
321 ||| Stepping ~*~*~tactically~*~*~ (hiding).
You start waiting.
Done waiting.
A kobold zombie, a goblin zombie and a hobgoblin zombie come into view.
424 ||| Stepping ~*~*~tactically~*~*~ (hiding).
Eustachio the Magnificent comes into view.
He is wielding a +4 rapier of draining.
Eustachio shouts!
Found a scroll labelled QAGYVU CIMER.
Eustachio casts a spell.
You scratch the white imp but do no damage.
You scratch the quasit.
The quasit is moderately wounded.
The white imp spits at you. The white imp closely misses you.
The crimson imp shouts, "Away with thee, thou mewling limp-willed lewdster!"
The quasit bites you.
You feel clumsy. The quasit misses you. The quasit completely misses you.
Eustachio hits you with a +4 rapier of draining!
Ouch! That really hurt!
You die...

#.... #..?.
#.... #...#
...! ..Z# #5.##
.Z.# #5@.+
.5..+ #5@# ...
#..# ... .
##..##.#+...
#...#.#..#.Z
#.....?.....
#...........
####...#######.
#../......#
#>........#


You could see Eustachio, a quasit (summoned), a crimson imp (summoned) and a
white imp (summoned).

Vanquished Creatures
  A goblin skeleton (D:4)
  2 hobgoblin zombies (D:4)
3 creatures vanquished.

Notes
Turn   | Place    | Note
-------+----------+-------------------------------------------
     0 | D:5      | qw the Felid Delver began the quest for the Orb.
     0 | D:5      | Reached XP level 1. HP: 10/10 MP: 2/2
     0 | D:5      | 0 ||| qw: Version: 0.1-a-89-g26bdef1
     0 | D:5      | 0 ||| qw: Game counter: 102
     0 | D:5      | 0 ||| qw: Always use a shield: true
     0 | D:5      | 0 ||| qw: God list: Okawaru, Trog
     0 | D:5      | 0 ||| qw: Allow faded altars: false
     0 | D:5      | 0 ||| qw: Do Orc after D:15 true
     0 | D:5      | 0 ||| qw: Do second Lair branch before Depths: true
     0 | D:5      | 0 ||| qw: Lair rune preference: random
     0 | D:5      | 0 ||| qw: Plans: Normal
     0 | D:5      | 0 ||| PLANNING D:1-11
    29 | D:5      | 29 ||| READING scroll labelled QOCEZXAJAA.
    30 | D:5      | 30 ||| DRINKING 2 smoky grey potions.
    31 | D:5      | 31 ||| DROPPING scroll of fog.
    32 | D:5      | 32 ||| DROPPING scroll of magic mapping.
    33 | D:5      | 33 ||| DROPPING scroll of fear.
    42 | D:4      | 42 ||| Stepping ~*~*~tactically~*~*~ (stealth).
    44 | D:4      | 44 ||| Stepping ~*~*~tactically~*~*~ (stealth).
    46 | D:4      | 46 ||| Stepping ~*~*~tactically~*~*~ (stealth).
    48 | D:4      | 48 ||| Stepping ~*~*~tactically~*~*~ (stealth).
   320 | D:4      | Found a glowing golden altar of the Shining One.
   321 | D:4      | 321 ||| Stepping ~*~*~tactically~*~*~ (hiding).
   424 | D:4      | 424 ||| Stepping ~*~*~tactically~*~*~ (hiding).
   424 | D:4      | Noticed Eustachio
   438 | D:4      | Noticed a quasit
   438 | D:4      | Noticed a crimson imp
   439 | D:4      | Slain by Eustachio

Levels and vault maps discovered:
D:4:      layout_loops_ring, nicolae_tso_besieged_by_evil, uniq_eustachio
D:5:      layout_loops_corners, vehumet_crystals,
          nemelex_xobeh_ov_fountains_minmay

Action                   || total
-------------------------++-------
Melee: Unarmed           ||    17
       Bite              ||     3
  Use: Scroll            ||     1
       Potion            ||     1
Dodge: Dodged            ||     8

Table legend:
 A = Non-vault XP
 B = Vault XP
 C = Vault XP percentage of total XP
 D = Non-vault monster count
 E = Vault monster count
 F = Vault count percentage of total count
                 A         B        C        D         E       F
            +---------+---------+-------+---------+---------+-------
      Total |       0 |       3 | 100.0 |       0 |       3 | 100.0
            +---------+---------+-------+---------+---------+-------
        D:4 |       0 |       3 | 100.0 |       0 |       3 | 100.0
            +---------+---------+-------+---------+---------+-------
